Workbook
Name \b: #REF!
Name \m: #REF!
Name _______INI1: #REF!
Name ______DIA1: #REF!
Name ______DIA2: #REF!
Name ______EE1: #REF!
Name ______GTO1: #REF!
Name ______INC1: #REF!
Name ______MA1: #REF!
Name ______MES1: #REF!
Name ______RC: #REF!
Name _____DAT1: #REF!
Name _____DIA1: #REF!
Name _____DIA2: #REF!
Name _____EE1: #REF!
Name _____GT1: #REF!
Name _____GTO1: #REF!
Name _____INC1: #REF!
Name _____INI1: #REF!
Name _____MA1: #REF!
Name _____MES1: #REF!
Name _____RC: #REF!
Name ____DAT1: #REF!
Name ____DIA1: #REF!
Name ____DIA2: #REF!
Name ____EE1: #REF!
Name ____GT1: #REF!
Name ____GTO1: #REF!
Name ____INC1: #REF!
Name ____INI1: #REF!
Name ____MA1: #REF!
Name ____MES1: #REF!
Name ____RC: #REF!
Name ___A87200: #REF!
Name ___D72817: #REF!
Name ___DAT1: #REF!
Name ___DIA1: #REF!
Name ___DIA2: #REF!
Name ___EE1: #REF!
Name ___GT1: #REF!
Name ___GTO1: #REF!
Name ___INC1: #REF!
Name ___INI1: #REF!
Name ___MA1: #REF!
Name ___MES1: #REF!
Name ___RC: #REF!
Name __1Excel_BuiltIn_Print_Area_1_1: #REF!
Name __A87200: #REF!
Name __D72817: #REF!
Name __DAT1: #REF!
Name __DIA1: #REF!
Name __DIA2: #REF!
Name __EE1: #REF!
Name __GT1: #REF!
Name __GTO1: #REF!
Name __INC1: #REF!
Name __INI1: #REF!
Name __MA1: #REF!
Name __MES1: #REF!
Name __RC: #REF!

Sheet TODO RIESGO DAÑOS MATERIALES
A1: ANEXO 1. ESPECIFICACIONES TECNICAS POLIZA TODO RIESGO DAÑOS MATERIALES
A2: TOMADOR: | B2: INSTITUTO MUNICIPAL DEL DEPORTE, LA RECREACION Y EDUCACION FÍSICA ZARZALEÑO "IMDEREZ"
A3: ASEGURADO : | B3: =+B2 -> INSTITUTO MUNICIPAL DEL DEPORTE, LA RECREACION Y EDUCACION FÍSICA ZARZALEÑO "IMDEREZ"
A4: BENEFICIARIO: | B4: =+B2 -> INSTITUTO MUNICIPAL DEL DEPORTE, LA RECREACION Y EDUCACION FÍSICA ZARZALEÑO "IMDEREZ"
A5: NIT | B5: 891.902.310-2
A6: RAMO Y POLIZA No. | B6: TODO RIESGO DAÑO MATERIAL
A7: PROCESO NO.
A8: VIGENCIA | B8: DESDE LAS 00.00 HORAS DEL 31 DE JULIO DE 2026 HASTA LAS 24:00 HORAS DEL 30 DE JULIO DE 2027
A9: CONDICIONES MINIMAS REQUERIDAS OBLIGATORIAS
A10: BIENES ASEGURADOS | B10: VALOR ASEGURADO | C10: TASA | D10: PRIMA NETA
A11: 2. Contenidos muebles y enseres | B11: 50000000 | D11: =B11*C11/1000 -> 0
A12: 3.Maquinaria y Equipo | B12: 10000000 | D12: =B12*C12/1000 -> 0
A13: 4. Herramientas y Accesorios | B13: 10000000
A14: 5.Equipos de computosy procesamiento de datos | B14: 40000000
A15: SUBTOTAL | B15: =+SUM(B11:B14) -> 110000000
A16: * Indice variable 5% | B16: =+B15*0.05 -> 5500000
A17: TOTAL | B17: =SUM(B15:B16) -> 115500000
A18: PRIMA NETA | D18: =SUM(D11:D17) -> 0
A19: IVA | D19: =+D18*0.16 -> 0
A20: TOTAL | D20: =D18+D19 -> 0
A21: OBJETO DEL SEGURO | B21: Amparar las pérdidas o daños materia tenencia y/o control, y en general los recibos a cualquier título y/o por los que tenga algún interés, en los términos detallados en el anexo de especificaciones técnicas y que hace parte del presente proceso les que sufran los bienes de propiedad del IMIDEREZ bajo su responsabilidad en los términos detallados en el anexo de especificaciones técnicas y que hace parte del presente proceso.
A22: COBERTURA OBLIGATORIA
A23: Modalidad de la póliza: Todo Riesgo Incendio.( MULTIRIESGO) La aseguradora se obliga a indemnizar al asegurado los daños y/o pérdidas que sufran los intereses asegurados, así como los costos y/o gastos en que incurra, o todos combinados, como consecuencia de los riesgos que a continuación se enuncian y sujeto a los riesgos excluidos: Se cubren las pérdidas y/o daños materiales que sufran los intereses asegurados por cualquier riesgo y/o causas, incluidos, pero no limitados a: Incendio y/o rayo, explosión, anegación, avalancha, daños por agua; extended coverage ; huelga, asonada, motín, conmoción civil o popular, actos mal intencionados de terceros, ; terremoto, temblor y/o erupción volcánica, maremoto, tsunami, y/o eventos de la naturaleza tales como ciclón, huracán, tempestad, vientos, inundación, desbordamiento, alza en el nivel de aguas y enfangamiento, hundimiento, deslizamiento del terreno, derrumbes, aludes, desprendimiento de tierra y rocas, y las pérdidas y/o daños consecuenciales originados por tales fenómenos los cuales sean consecuencia de un hecho súbito, accidental e imprevisto cubiertos en la póliza ; daño interno de equipos eléctricos y electrónicos; coberturas de rotura de maquinaria y equipos eléctricos y electrónicos (explosión física o química interna, caída directa de rayo, rotura debido a fuerza centrifuga, cuerpo extraños, acción directa de la energía eléctrica y/o rayo, impericia, descuido, negligencia; sabotaje individual; error de diseño, defecto de mano de obra, falta de agua en aparatos generadores de vapor, otros accidentes ocurridos a los equipos por causas no expresamente excluidas en la póliza); rotura de vidrios, sustracción con violencia y sustracción sin violencia, y demás amparos y/o cobertura que no se encuentren expresamente excluidas. La cobertura de Hurto simple y calificado se extiende a amparar los equipos moviles y portatiles , kit de emergencias, herramientas, equipos y similares dentro y/o fuera de los predios del asegurado y en aquellos donde ejerza su actividad y cuando estan siendo transportados en vehiculos del asegurado, de sus empleados y/o de terceros contratistas y/o subcontratistas del mismo.
A24: BIENES ASEGURADOS( INTERES ASEGURABLE) OBLIGATORIA
A25: Todos los bienes de propiedad real o personal del ASEGURADO, o en los que tuviere interes asegurable , o los recibidos a cualquier titulo, los tomados en arriendo, los recibidos en dacion de pagos o los recibidos a cualquier titulo, los de terceros o aquellos por los cuales sea o pueda llegar a ser responsable, que se encuentren bajo su cuidado, control y custodia, utilizados en el desarrollo del objeto social del asegurado, consistentes principalmente en, pero no limitados a : edificios, estructuras,cimientos, muros de contencion, cercas, escaleras externas, vidrios planos, patios, estacionamientos,, otras construcciones separadas de las edificaciones ( vias de acceso, caminos,obras de arte en obras civiles) instalaciones hidraulicas subterraneas, electricas, de cableado estructural, de aires acondicionados, electronicas, de comunicacion, para conduccion de gas sean o no subterraneas y en general todo tipo de maquinaria, herramientas, accesorios, montacargas, equipos electricos, electronicos y de procesamiento de datos, instalaciones que se encuentren por debajo del nivel del suelo, instalaciones fijas de proteccion contra incendio, alarmas, camaras y circuitos cerrados de television, maquinaria, equipos , herramientas, ascensores, subestaciones y /o plantas electricas, transformadores, ( sistemas de generacion y redes para transmision de energia.), equipos de manejo de basura, calderas,, muebles, enseres, aviso, equipos de oficina, equipos de comunicacion, de audiovisuales, de sistemas, de laboratorios, mejoras locativas (acabados y obras realizadas en el edificio, adicionales, modificatorias o complementarias a aquellas con las cuales se construyo el inmueble, tales como divisiones, falsos techos,falsos pisos, enchapes entre otras), tanques de almacenamiento, , mercancías, repuestos, insumos, armas de fuego, equipos moviles y portatiles, vehículos inmovilizados ( en reposo, nuevos y/o usados), dinero en efectivo,títulos valores y billetes de bancos, documentos de garantia y escrituras, medallas, plata labrada, obras de arte, estatuas, frescos, colecciones, y muebles que tengan valor artístico, científico e histórico, manuscritos, planos, croquis, patrones, sellos, monedas, libros de comercio, , instrumentos musicales, equipos de sonidos, bienes que por su naturaleza deben permanecer a la intemperie y demás bienes aunque no hayan determinado especificamente, localizados dentro y/o fuera de los predios donde el asegurado desarrolle su actividad en el territorio de la Republica de colombia.
A26: DIRECCION UBICACIÓN RIESGOS | B26: Cl 4 Cr 14 Esquina Coliseo Municipal
A27: COBERTURAS ADICIONALES
A28: Terremoto, temblor, erupcion volcanica | B28: 1
A29: Actos Mal intencionados de terceros, sabotaje y Terrorismo | B29: 0.8
A30: Huelga, Motin,Asonada, conmocion civil o popular | B30: 1
A31: Hurto de dinero en efectivo dentro y/o fuera de caja fuerte | B31: 10000000
A32: CLAUSULAS PARTICULARES Y CONDICIONES ESPECIALES OBLIGATORIAS
A33: CONVENIO PARA EL PLAZO DEL PAGO DE LA PRIMA: No obstante cualquier estipulación en contrario, por la presente cláusula se deja establecido que, de acuerdo con lo estipulado en el artículo 81 de la Ley 45/90 y la Resolución numero 03750 de Diciembre 31/74 de la Superintendencia Financiera, las partes contratantes convienen que las primas causadas por el presente Contrato de seguros y los Certificados o Anexos que se emitan en aplicación al mismo serán pagadas por EL ASEGURADO, mínimo dentro de los TREINTA (30) días contados a partir de la fecha en que el respectivo documento sea recibido en sus oficinas, directamente por la Aseguradora y/o por el intermediario de seguros, quien deberá certificar haber recibido a satisfacción las respectivas pólizas en las condiciones contratadas; Si las pólizas no han sido correctamente elaboradas, el término para el pago solo empezará a contarse desde la fecha en que se presenten en debida forma. La demora en el pago originada por la presentación incorrecta de los documentos requeridos será responsabilidad del contratista y no tendrán por ello derecho al pago de intereses o compensación de ninguna naturaleza o a la aplicación de la terminación del contrato por mora en el pago de la prima.
A34: DOCUMENTO PARA SUSTENTAR RECLAMO.: Para la demostración de la propiedad de los bienes del asegurados,IMDEREZ ZARZAL . aportará la factura de compra o en su defecto la certificación expedida y firmada por el jefe del departamento de Gestión de Servicio Administrativo o quien haga sus veces donde conste que el bien materia del siniestro se encontraba incluido en su sistema de inventarios. En los casos de hurto el asegurado aportará copia al carbón del denuncio o fotocopia SIMPLE de este o en su defecto una constancia de la fiscalía de que conoce el caso.
A35: GARANTIAS:La compañía Aseguradora acepta como cumplimiento de garantía, el mantenimiento preventivo y correctivo realizado a los equipos y/o instalaciones directamente por empleados del asegurado o personal a su servicio.
A36: VALORES ASEGURADOS GLOBALES: - (PARCIALES SOLO PARA LIQUIDACION DE RECLAMOS POR TERREMOTO) Se deja aclarado y convenido que los proponentes que participen en la presente solicitud de ofertas, aceptan el manejo de valores asegurados globales. Para efectos de habilitar la propuesta, el oferente deberá expresar la aceptación de esta condición en la carta de presentación, so pena de rechazo de la oferta.
A37: DEDUCIBLES PARA EQUIPOS MOVILES: El deducible que figura en la póliza para equipos móviles y portátiles solo opera cuando dichos bienes se encuentran fuera de los predios descritos en la póliza. En los demas casos se aplicara el que corresponda a los equipos dentro de los predios.
A38: HURTO CALIFICADO Y HURTO EN PREDIOS: Queda convenido que la definición de establecimiento comprende los predios que forman parte de dicho establecimiento. | S38: 7.2.15 HURTO CALIFICADO EN PREDIOS: Queda convenido que la definición de establecimiento comprende los predios que forman parte de dicho establecimiento. | AA38: 7.2.15 HURTO CALIFICADO EN PREDIOS: Queda convenido que la definición de establecimiento comprende los predios que forman parte de dicho establecimiento. | AI38: 7.2.15 HURTO CALIFICADO EN PREDIOS: Queda convenido que la definición de establecimiento comprende los predios que forman parte de dicho establecimiento. | AQ38: 7.2.15 HURTO CALIFICADO EN PREDIOS: Queda convenido que la definición de establecimiento comprende los predios que forman parte de dicho establecimiento. | AY38: 7.2.15 HURTO CALIFICADO EN PREDIOS: Queda convenido que la definición de establecimiento comprende los predios que forman parte de dicho establecimiento. | BG38: 7.2.15 HURTO CALIFICADO EN PREDIOS: Queda convenido que la definición de establecimiento comprende los predios que forman parte de dicho establecimiento. | BO38: 7.2.15 HURTO CALIFICADO EN PREDIOS: Queda convenido que la definición de establecimiento comprende los predios que forman parte de dicho establecimiento. | BW38: 7.2.15 HURTO CALIFICADO EN PREDIOS: Queda convenido que la definición de establecimiento comprende los predios que forman parte de dicho establecimiento. | CE38: 7.2.15 HURTO CALIFICADO EN PREDIOS: Queda convenido que la definición de establecimiento comprende los predios que forman parte de dicho establecimiento. | CM38: 7.2.15 HURTO CALIFICADO EN PREDIOS: Queda convenido que la definición de establecimiento comprende los predios que forman parte de dicho establecimiento. | CU38: 7.2.15 HURTO CALIFICADO EN PREDIOS: Queda convenido que la definición de establecimiento comprende los predios que forman parte de dicho establecimiento.
A39: HURTO SIMPLE: para equipos móviles dentro Y/O Fuera de los predios del asegurado. | S39: 7.2.16 HURTO SIMPLE: para equipos móviles siempre y cuando se encuentren dentro de los predios del asegurado. | AA39: 7.2.16 HURTO SIMPLE: para equipos móviles siempre y cuando se encuentren dentro de los predios del asegurado. | AI39: 7.2.16 HURTO SIMPLE: para equipos móviles siempre y cuando se encuentren dentro de los predios del asegurado. | AQ39: 7.2.16 HURTO SIMPLE: para equipos móviles siempre y cuando se encuentren dentro de los predios del asegurado. | AY39: 7.2.16 HURTO SIMPLE: para equipos móviles siempre y cuando se encuentren dentro de los predios del asegurado. | BG39: 7.2.16 HURTO SIMPLE: para equipos móviles siempre y cuando se encuentren dentro de los predios del asegurado. | BO39: 7.2.16 HURTO SIMPLE: para equipos móviles siempre y cuando se encuentren dentro de los predios del asegurado. | BW39: 7.2.16 HURTO SIMPLE: para equipos móviles siempre y cuando se encuentren dentro de los predios del asegurado. | CE39: 7.2.16 HURTO SIMPLE: para equipos móviles siempre y cuando se encuentren dentro de los predios del asegurado. | CM39: 7.2.16 HURTO SIMPLE: para equipos móviles siempre y cuando se encuentren dentro de los predios del asegurado. | CU39: 7.2.16 HURTO SIMPLE: para equipos móviles siempre y cuando se encuentren dentro de los predios del asegurado.
A40: SE AMPARAN LOS CIMIENTOS - Incluido dentro del valor asegurable.
A41: Terremoto, temblor y erupcion volcanica, maremoto, tsunami : se ampara al 100% menos el deducible respectivo
A42: Se amparan los hundimientos, desplazamientos, agrietamientos o asentamientos de cimientos, muros, pisos, techos y pavimentos, vibraciones o movimientos naturales del suelo, cuando correspondan a un hecho subito e imprevisto amparado en la póliza
A43: BIENES A LA INTEMPERIE: SE ampara todo tipo de bienes de propiedad del asegurado y/o bajo su responabilidad, cuidado, tenencia o control que por su naturaleza deban permanecer a la intemperie.
A44: REVOCACIÓN DE LA PÓLIZA Y/O NO RENOVACION Y/O NO PRORROGA El presente contrato de seguro podrá ser revocado unilateralmente por el asegurado en cualquier momento de su ejecución. La compañía por su parte podrá revocarlo dando aviso por escrito con 90 días de anticipación, En caso de revocación por parte de la aseguradora, esta devolverá al asegurado la parte de la prima no devengada, o sea, la que corresponde al lapso comprendido entre la fecha que comienza a surtir efecto la revocación y la del vencimiento del seguro. En caso de que sea revocado por el asegurado, el importe de la prima devengada y el de la devolución, se calculará tomando en cuenta la tarifa de seguros a corto plazo. De igual manera, la compañía se obliga a avisar su decisión de no renovar o prorrogar éste contrato de seguros con 90 días de anticipación, mediante comunicación escrita dirigida al asegurado.
A45: RESTABLECIMIENTO AUTOMATICO DEL VALOR ASEGURADO POR PAGO DE SINIESTRO, NO APLICA PARA HAMCCOP, AMIT Y TERRORISMO:Queda entendido y convenido en adición a los términos y condiciones contenidas en la Póliza o en sus anexos que el valor asegurado se reducirá en igual cantidad del monto del siniestro y que la Aseguradora acepta el restablecimiento automático del mismo, mediante el pago de la prima a que haya lugar.
A46: ERRORES Y OMISIONES NO INTENCIONALES : El tomador esta obligado a declarar sinceramente los hechos o circunstancias que determinen el estado del riesgo, la inexactitud sobre hechos o circunstancias que conocidas por la compañía, la hubiere retraído de celebrar el contrato, o inducido a estipular condiciones más onerosas, produce la nulidad relativa del seguro. Sin embargo, si el tomador incurriere en errores, omisiones o inexactitudes inculpables a él o al asegurado, el contrato de seguro al cual se adhiere este documento no será nulo, ni habrá lugar a la aplicación del inciso tercero del Art. 1058 del Código de Comercio sobre reducción porcentual de la prestación asegurada. En ese caso, se deberá pagar la prima adecuada al verdadero estado del riesgo: la cual será calculada a la (s) tasa (s) establecida (s) en la (s) póliza (s) a prorrata y en las mismas condiciones en que viene suscrito el riesgo.
A47: MODIFICACIÓN DEL ESTADO DEL RIESGO No obstante lo estipulado en las condiciones generales de la póliza y sus anexos, por la presente cláusula se establece una limitación a la obligación que el Asegurado notifique los hechos o circunstancias que agraven el riesgo durante la vigencia del contrato, en el sentido, que la aseguradora solo puede invocarla cuando exista relación de causalidad entre la agravación y el siniestro. Se ampararán automáticamente los riesgos cuya agravación se informe, hasta el pronunciamiento del asegurador en contrario.
A48: ANTICIPO DE LA INDEMNIZACION HASTA 50%: la Aseguradora anticipara la indemnización, hasta por el 50%, con la demostración de la ocurrencia del siniestro por parte del asegurado, el valor de los daños y la comprobación de que existe cobertura y mientras se formaliza a cabalidad la indemnización Correspondiente
A49: CONOCIMIENTO DEL RIESGO: Por medio de la presente cláusula, la (s) Compañía(s) Aseguradora(s) declara (n) que conocen los riesgos y por consiguiente dejan constancia del conocimiento y aceptación de las circunstancias y condiciones de los mismos. En consecuencia de lo anterior, los proponentes no podrán en ningún caso, oponer excepciones, ni formular objeciones fundamentadas en la circunstancia de no haber llevado a cabo la visita de inspección de los bienes o en el desconocimiento de los mismos.
A50: DEFINICION DE EDIFICIOS: Se entiende como tal las construcciones fijas con todas sus adiciones y/o anexos, incluyendo instalaciones de caneria sanitaria, e hidraulicas: las instalaciones electricas, aparatos, maquinariay accesorios estacionarios para calefaccion, refrigeracion, ventiliacion, alumbrado, ascensores, divisiones, rejas, vidrios, puertas, ventanas, avisos, chimeneas, mejores locativas, refacciones y en general todos los implementeos e instalaciones permanente que formen parte de la construccion, incluyendo los costos de direccion de obra e interventoria, cuyo valor esta incluido en la suma asegurada.Incluye la Norma Retie y Retilap.
A51: DEFINICION DE MUEBLES Y ENSERES: Consistente principalmente en toda clase de muebles, enseres, equipos, utensilios de las diferentes dependencias del asegurado tales como pero no limitados a: maquinas de escribir, protectora de cheques y toda clase de maquinas , equipos y utensilios de oficina , armas de fuego, cuadros, estanterías, lámparas, alfombras etc., aunque se hayan determinado específicamente de propiedad del asegurado o por los que sea responsable siempre y cuando en este ultimo caso , no estén cubiertos por otras pólizas y se encuentre contenidos en los diferentes riesgos amparado bajo la presente póliza.
... A117: PERDIDA DE CONTENIDOS EN TANQUES : Este contrato de seguro se extiende a cubrir las pérdidas ó daños de bienes contenidos en tanques, , como consecuencia de eventos cubiertos bajo la póliza, que afecten los equipos que la contienen $ 100.000.000
A118: CLAUSULAS PARTICULARES OPCIONALES REQUERIDAS | C118: S / N / D | D118: OBSERVACIONES | F118: =80/19 -> 4.2105263
A119: El incremento de valores asegurados originados por la inclusion de nuevos bienes o propiedades, quedan amparadas automaticamente hasta un 20% del vr asegurado total que aparezca en la poliza, sin cobro de prima . Asi mismo no se requiere informar dichos incrementos de valor asegurado, mientras no excedan el mencionado porcentaje. Al finalizar la vigencia se efectuara un ajuste de prima sobre los valores de los nuevos bienes o propiedades aplicando el 50% de la tarifa, para los incrementos superiores a dicho 20% sobre el valor total del aumento. En los casos de disminucion de valor asegurado por retiro de bienes o propiedades, que no exceda el 20% del total asegurado, habra lugar a devolucion de prima aplicando el 50% de la tarifa. Para efectos del calculo no se tomara en cuenta la clausula de indice variable que se haya establecido en la poliza. | E119: 25
A120: INCREMENTO EN COSTOS DE CONSTRUCCIÓN POR ADECUACIÓN A LA NORMA DE SISMO RESISTENCIA: La suma asegurada y el valor a indemnizar en caso de siniestro incluyen el sobre-costo (si lo hubiere), de adecuar la construcción a las normas de sismo resistencia vigentes, hasta por el limite estipulado en la póliza. En caso de siniestro se reconocerá sin afectar la suma asegurada principal, el sobre costo de adecuar la construcción a las normas de sismo resistencia vigentes. Esta cobertura opera aún en el caso de que el asegurado no haya efectuado el estudio ó la adecuación a sus inmuebles y aún en el caso que no se presenten daños estructurales | E120: 24
A121: GASTOS PARA LA DEMOSTRACION Y CUANTIFICACION DE LA PERDIDA : Se cubren los gastos y costos en que necesaria y nrazonablemente incurra el asegurado, para la demostracion de la ocurrencia y cuantia del siniestro, distintos a los que constituyen costos o gastos fijos de su propia organizacion o los necesarios para la actualizacion de la contabilidad, hasta por el 100% de los gastos demostrados. | E121: 20
A122: GASTOS DE SALVAMENTO, PRESERVACION O MANTENIMIENTO DE LOS BIENES ASEGURADOS: Se amparan los gastos en que incurra el asegurado, por las medidas en que necesaria y razonablemente adopte, como consecuencia del siniestro con el el fin de efectuar reparaciones o construcciones provisionales o transitorias siempre y cuando se efectuen con el proposito de salvar, preservar, o conservar los bienes asegurados, hasta por el 100% de los gastos demostrados. | E122: 19
A123: GASTOS PARA LA EXTINCION Y EVITAR LA PROPAGACION DEL SINIESTRO: Gastos en que incurra el asegurado por la utilizacion de productos y sustancias dirigidas a la extincion del siniestro o evitar su propagacion, asi como los elementos o equipos dstaruidos total o parcialmente como consecuencia de la actividad dirigida a este proposito, hasta el 100% de los gastos demostrados, | E123: 18
A124: AMPARO DE EXTENDED COVERAGE, (ampliacion de la cobertura): La presente póliza se extiende a cubrir las pérdidas ó daños a la propiedad asegurada causados por avenidas, inundaciones, enlodamiento, corrimientos de tierra, desprendimiento de tierra o de rocas, hundimientos, desplazamientos, agrietamientos y asentamiento de muros, pisos, techos, túneles, galerías, pavimentos, cimientos ó similares, incluidos los que ocurran como consecuencia de errores de construcción que se presenten después de los doce(12) meses siguientes a la puesta en marcha del bien afectado. | E124: 17
A125: AMPARO DE HURTO DE ELEMENTOS Y PARTES DE EDIFICIOS: Se amplia la cobertura para cubrir el hurto de elementos y partes de las edificaciones aseguradas, hasta el 10% del valor asegurado para cada edificio maximo 2.000 SMMLV. | E125: 6
A126: CLAUSULAS PARTICULARES SOLICITADAS :Si la clausula es aceptada anotar una S, si es negada una N o si es aceptada con desviacion, indicar en el formato de desviaciones el texto propuesto.
A127: DEDUCIBLES | C127: PORPUESTA ASEGURADORA
A128: Terremoto, temblor y/o erupción volcanica:
A129: Asonada, motín, conmoción civil o popular o huelgas: | B129: 10% vr perdida
A130: Actos mal intencionados de Terceros, sabotaje y terrorismo: | B130: =+B129 -> 10% vr perdida
A131: Demas amparos :
A132: Hurto Simple y Hurto calificado:
A133: Rotura de Maquinaria: | B133: 10% vr perdida minimo 1 smmlv
A134: REGISTRO SUPERBANCARIA - POLIZA: ANEXAR CONDICIONADO Y TEXTOS DE CLAUSULAS
A135: NOTA: SE DEBE DILIGENCIAR UNICAMENTE LA PARTE SOMBREADA EN GRIS. LAS DEMAS AREAS DEL CUADRO NO DEBEN SER MODIFICADAS

Sheet MANEJO 
A1: ANEXO 3 ( ESPECIFICACIONES TECNICAS MANEJO GLOBAL SECTOR OFICIAL
A2: TOMADOR: | B2: =+'TODO RIESGO DAÑOS MATERIALES'!B3 -> INSTITUTO MUNICIPAL DEL DEPORTE, LA RECREACION Y EDUCACION FÍSICA ZARZALEÑO "IMDEREZ"
A3: ASEGURADO : | B3: =+B2 -> INSTITUTO MUNICIPAL DEL DEPORTE, LA RECREACION Y EDUCACION FÍSICA ZARZALEÑO "IMDEREZ"
A4: BENEFICIARIO: | B4: =+B2 -> INSTITUTO MUNICIPAL DEL DEPORTE, LA RECREACION Y EDUCACION FÍSICA ZARZALEÑO "IMDEREZ"
A5: NIT | B5: =+'TODO RIESGO DAÑOS MATERIALES'!B5 -> 891.902.310-2
A6: RAMO Y POLIZA No. | B6: Seguro de Manejo Servidores Publicos
A7: ='TODO RIESGO DAÑOS MATERIALES'!A7 -> PROCESO NO.
A8: VIGENCIA | B8: =+'RCE '!B8:F8 -> DESDE LAS 00.00 HORAS DEL 31 DE JULIO DE 2026 HASTA LAS 24:00 HORAS DEL 30 DE JULIO DE 2027
A9: CONDICIONES MINIMAS REQUERIDAS OBLIGATORIAS
A10: INTERES ASEGURADO | B10: COBERTURAS | D10: VALOR ASEGURADO | F10: TASA | G10: PRIMA NETA
D11: MINIMO REQUERIDO | E11: PROPUESTA CIA
A12: Se amparan a las entidades estatales aseguradas contra los riesgos que impliquen menoscabode fondos y bienes, causados por sus empleados en el ejercicio de los cargos amparados, por actos que se tipifiquen como delitos contra la administración pública o fallos con responsabilidad fiscal, siempre y cuando hecho sea cometido dentro de la vigencia de la póliza. | B12: Abuso de confianza, Estafa, Peculado Falsificación, Delitos contra la Administración Pública, Delitos contra el patrimonio economico, alcances fiscales Gastos de Rendiciòn y reconstrucciòn de cuentas | D12: 50000000
G14: =+F14*E12/100 -> 0
B15: CAJAS MENORES | D15: 10000000
B16: Empleados no identificados | D16: =+D12*0.5 -> 25000000
B17: Protecciòn de Depósitos bancarios | D17: =D16 -> 25000000
B18: Empleados de firma especializada y temporales, cooperativas y empresas asociativas | D18: =D16 -> 25000000
D19: PRIMA NETA | G19: =G14 -> 0
D20: IVA | G20: =G19*16% -> 0
D21: PRIMA TOTAL | G21: =SUM(G19:G20) -> 0
A22: CONDICIONES ESPECIALES OBLIGATORIAS
A23: AMPARO POR PECULADO: Mediante la presente Cláusula se conviene en amparar al Asegurado las pérdidas o detrimentos patrimoniales que sufra por causa de peculado cometido por sus empleados de acuerdo con las denominaciones que para delitos cometidos por empleados oficiales o públicos contempla la ley
A24: AMPARO POR DELITOS CONTRA LA ADMINISTRACION PÚBLICA: Mediante la presente Cláusula se conviene en amparar AL ASEGURADO, las pérdidas o detrimentos patrimoniales que sufra por causa de los delitos cometidos por sus servidores públicos, empleados oficiales ó públicos, contemplados en la Ley
A25: EXTENSION DE COBERTURAS A EMPLEADOS TEMPORALES Y FIRMAS ESPECIALIZADAS: Se consideran cubiertas todas las perdidas y/o daños que ocasionen los empleados de firmas especializadas, temporales y provisionales, que pertenezcan o no a la firma especializada, estos últimos asesores, estudiantes en práctica, contratistas y subcontratistas.
A26: PERDIDAS CAUSADAS POR EMPLEADOS NO IDENTIFICADOS: Con sujecion a las condiciones genereales de la poliza y no obstante lo que en contratio se diga ennla misma o en sus anexos, si una perdida cubierta se presume haber sido causada por uno o mas de los empleados y el asegurado no pudiere senalar especdificamente el empelado o empleados causantes, dicha perdia se considera debidamene amparada, siempre y cuando las pruebas que se presentern sean concluyente quedando entendido ademas la responsabilidad de la aseguradora no excedera en ningun caso el valor asegurado por cada evento.
A27: PROTECCION DE DEPOSITOS BANCARIOS: Por medio del presente anexo, se cubren las pérdidas que el Asegurado sufra en cuanto a los dineros depositados en su cuenta corriente o de ahorros que mantenga con una entidad bancaria o financiera, siempre y cuando dicha pérdida se deba a falsificación de un cheque, letra de cambio, pagaré, carta de crédito o cualquier otra clase de titulo valor que el banco o la entidad. financiera presuma que ha sido firmado, endosado o avalado por el Asegurado o por una persona que obre en su nombre o representación y que el banco o entidad financiera compruebe que no es responsable por dicho pago. El amparo se hace extensivo a cualquiera de los siguientes eventos: A. Cuando el cheque girado presuntamente por el Asegurado o su representante sea pagado a una persona ficticia. B. Cuando un cheque girado por el Asegurado o su representante a favor de un tercero y entregado a dicho tercero o a un representante de este, resulte endosado y cobrado por una persona distinta a dicho tercero o a aquella otra a quien ha debido hacerse el pago en virtud de una transferencia posterior que hubiese podido efectuarse respecto a dicho cheque. C. Cualquier cheque con destino al pago de salarios que habiendo sido girado u ordenado por el Asegurado, resultase endosado y cobrado por un tercero obrando supuestamente a nombre del girador, o de aquel a quien se debía hacer el pago. Es requisito indispensable para que sea procedente una indemnización bajo los literales a, b, y c, que exista falsificación o adulteración de conformidad con las disposiciones legales vigentes al momento del siniestro. Las firmas estampadas por medios mecánicos, serán consideradas como firmas autógrafas.
A28: =+'TODO RIESGO DAÑOS MATERIALES'!A33:D33 -> CONVENIO PARA EL PLAZO DEL PAGO DE LA PRIMA: No obstante cualquier estipulación en contrario, por la presente cláusula se deja establecido que, de acuerdo con lo estipulado en el artículo 81 de la Ley 45/90 y la Resolución numero 03750 de Diciembre 31/74 de la Superintendencia Financiera, las partes contratantes convienen que las primas causadas por el presente Contrato de seguros y los Certificados o Anexos que se emitan en aplicación al mismo serán pagadas por EL ASEGURADO, mínimo dentro de los TREINTA (30) días contados a partir de la fecha en que el respectivo documento sea recibido en sus oficinas, directamente por la Aseguradora y/o por el intermediario de seguros, quien deberá certificar haber recibido a satisfacción las respectivas pólizas en las condiciones contratadas; Si las pólizas no han sido correctamente elaboradas, el término para el pago solo empezará a contarse desde la fecha en que se presenten en debida forma. La demora en el pago originada por la presentación incorrecta de los documentos requeridos será responsabilidad del contratista y no tendrán por ello derecho al pago de intereses o compensación de ninguna naturaleza o a la aplicación de la terminación del contrato por mora en el pago de la prima.
A29: AMPARO AUTOMÁTICO PARA NUEVOS CARGOS : No obstante cualquier estipulación en contrario en las condiciones generales de la póliza y sus anexos, este seguro se extiende a cubrir todo nuevo cargo creado por el Asegurado sin limite de plazo para reportar a la aseguradora.Sublimite del 20% de los cargos asegurados
A30: PERÍODO ADICIONAL DE COBERTURAS: Por medio de la presente cláusula se deja establecido y convenido que las personas al servicio del asegurado, continuarán amparadas los treinta (30) días inmediatamente siguientes a la fecha de retiro, con sujeción a las Cláusulas relativas a vigencia, terminación y revocación de la Póliza
A31: ERRORES Y OMISIONES NO INTENCIONALES : El tomador esta obligado a declarar sinceramente los hechos o circunstancias que determinen el estado del riesgo, la inexactitud sobre hechos o circunstancias que conocidas por la compañía, la hubiere retraído de celebrar el contrato, o inducido a estipular condiciones más onerosas, produce la nulidad relativa del seguro. Sin embargo, si el tomador incurriere en errores, omisiones o inexactitudes inculpables a él o al asegurado, el contrato de seguro al cual se adhiere este documento no será nulo, ni habrá lugar a la aplicación del inciso tercero del Art. 1058 del Código de Comercio sobre reducción porcentual de la prestación asegurada. En ese caso, se deberá pagar la prima adecuada al verdadero estado del riesgo: la cual será calculada a la (s) tasa (s) establecida (s) en la (s) póliza (s) a prorrata y en las mismas condiciones en que viene suscrito el riesgo.
A32: REVOCACIÓN , NO RENOVACIÓN O MODIFICACIONES DE LA PÓLIZA Y SUS ANEXOS : La Aseguradora deberá dar aviso por escrito aL ASEGURADO, con una anticipación de noventa (90) días, en caso que decida modificar, revocar o no renovar esta póliza y/o alguno de sus amparos adicionales o modificar cualquiera de sus condiciones. En caso de revocación la aseguradora devolverá al asegurado, la proporción de prima correspondiente al tiempo que falte para el vencimiento de la Póliza, liquidada a prorrata. Si la revocación es solicitada por EL ASEGURADO , la Aseguradora devolverá el valor de la prima no corrida del riesgo, liquidada a Prorrata.
A33: DEFINICION DE EMPLEADO : El término empleado donde quiera que se utilice en la presente póliza Significará: - Servidor público, empleado oficial o público. - Uno o mas oficinistas o empleados del Asegurado. - Estudiantes invitados mientras estén practicando estudios o deberes en los predios del Asegurado. - Contratistas y sus empleados o visitantes especiales, expresamente autorizados por el Asegurado para estar en sus predios. - Personas suministradas por agencias de empleo. - Cualquier persona o compañía empleada por el Asegurado para prestar servicios de procesamiento de datos de cheques u otros records de contabilidad del Asegurado. - Persona contratadas por el Asegurado con asesores. - Personas naturales que presten servicios en el establecimiento del Asegurado bajo su dependencia y en desarrollo de cualquier contrato
A34: CLAUSULA DE COMPENSACION. : Si al momento de descubrirse el ilícito o cuando se haya determinado el menoscabo de los fondos o bienes de la misma y antes de ser pagada la indemnización, EL ASEGURADO es deudor del empleado o trabajador por cualquier concepto, la pérdida será reducida en el monto de dicha deuda siempre y cuando la compensación no este prohibida por las leyes.
A35: MODIFICACIÓN DEL ESTADO DEL RIESGO: No obstante lo estipulado en las condiciones generales de la póliza y sus anexos, por la presente cláusula se establece una limitación a la obligación que el Asegurado notifique los hechos o circunstancias que agraven el riesgo durante la vigencia del contrato, en el sentido, que la aseguradora solo puede invocarla cuando exista relación de causalidad entre la agravación y el siniestro. Se ampararán automáticamente los riesgos cuya agravación se informe, hasta el pronunciamiento del asegurador en contrario.
A36: ANTICIPO DE LA INDEMNIZACION HASTA 50%: la Aseguradora anticipara la indemnización, hasta por el 50%, con la demostración de la ocurrencia del siniestro por parte del asegurado, el valor de los daños y la comprobación de que existe cobertura y mientras se formaliza a cabalidad la indemnización Correspondiente
A37: CONOCIMIENTO DEL RIESGO: Por medio de la presente cláusula, la (s) Compañía(s) Aseguradora(s) declara (n) que conocen los riesgos y por consiguiente dejan constancia del conocimiento y aceptación de las circunstancias y condiciones de los mismos. En consecuencia de lo anterior, los proponentes no podrán en ningún caso, oponer excepciones, ni formular objeciones fundamentadas en la circunstancia de no haber llevado a cabo la visita de inspección de los bienes o en el desconocimiento de los mismos.
A38: ACUERDO PARA AJUSTE EN CASO DE SINIESTRO: Por medio de la presente Cláusula se conviene que todos los siniestros serán ajustados conforme al procedimiento especial de ajuste que se acuerde entre el Asegurador y Asegurado, y que bajo estas condiciones, operará el Ajustador que se designe cuando sea necesario
A39: NOMBRAMIENTO DE AJUSTADOR: En caso de siniestro que afecte las pólizas contratadas y en los que a juicio de la aseguradora se deba asignar Ajustador, dichos Ajustadores no podrán ser asignados unilateralmente por la aseguradora, sino bajo los siguientes parámetros: • Se escogerá al inicio de la vigencia de las pólizas una terna de firmas Ajustadores nominada por EL ASEGURADO y la lista propuesta por la ASEGURADORA. • Las firmas seleccionadas deberán tener sede principal u oficina similar en la ciudad de Cali. La asignación del Ajustador proveniente de la terna inicialmente escogida, deberá realizarse dentro de los 3 días hábiles siguientes a la fecha del reporte del siniestro y el Ajustador deberá contactar al asegurado y efectuar las visitas correspondientes dentro de los 2 días hábiles siguientes a la fecha de designación. En caso contrario, se designará otro integrante de la terna preseleccionada.
A40: DESIGNACION DE CARGOS: En adición a los términos y condiciones contenidas en la póliza y sus anexos, la Aseguradora acepta el titulo, nombre, denominación, nomenclatura con que el Asegurado identifica o describe los cargos asegurados
... A49: Se deja constancia que en caso de que la perdida supere los limites maximos asegurados , se entendera que la perdida es la correspondiente a la suma asegurada establecida en la poliza para cada uno de los amparos y/o coberturas, por lo tanto el deducible se aplicara sobre dicha suma asegurada y no sobre el mayor valor establecido como perdida real.
A51: CLAUSULAS PARTICULARES OPCIONALES REQUERIDAS | F51: S/ N / D | G51: OBSERVACIONES
A52: RESTABLECIMIENTO AUTOMÁTICO DE VALOR ASEGURADO POR PAGO DE SINIESTRO: En caso de siniestro el límite asegurado se rebajará en la suma indemnizada a partir de la fecha en que se efectúe el pago y se restablecerá automáticamente a su límite inicial y el Asegurado pagará la prima adicional correspondiente a prorrata. Está cláusula tiene aplicación en cualquier época, aún en aquellos casos en que la indemnización se efectúe posteriormente a la terminación de la vigencia afectada por la reclamación.
G53: =SUM(G52:G52) -> 0
A54: CLAUSULAS PARTICULARES SOLICITADAS :Si la clausula es aceptada anotar una S, si es negada una N o si es aceptada con desviacion, indicar en el formato de desviaciones el texto propuesto.
A55: DEDUCIBLES
A56: Basico: % del valor de la perdida indemnizable.
A57: Demas amparos: % del valor de la perdida indemnizable.
A58: Caja Menor:
A59: REGISTRO SUPERBANCARIA - POLIZA: ANEXAR CONDICIONADO Y TEXTOS DE CLAUSULAS
A60: NOTA: SE DEBE DILIGENCIAR UNICAMENTE LA PARTE SOMBREADA EN GRIS. LAS DEMAS AREAS DEL CUADRO NO DEBEN SER MODIFICADAS

Sheet RCE 
A1: FORMATO Nº 2 ESPECIFICACIONES TECNICAS RESPONSABILIDAD CIVIL EXTRACONTRACTUAL
A2: TOMADOR | B2: =+'TODO RIESGO DAÑOS MATERIALES'!B2 -> INSTITUTO MUNICIPAL DEL DEPORTE, LA RECREACION Y EDUCACION FÍSICA ZARZALEÑO "IMDEREZ"
A3: ASEGURADO : | B3: =+B2 -> INSTITUTO MUNICIPAL DEL DEPORTE, LA RECREACION Y EDUCACION FÍSICA ZARZALEÑO "IMDEREZ"
A4: BENEFICIARIO: | B4: TERCEROS AFECTADOS
A5: NIT | B5: =+'TODO RIESGO DAÑOS MATERIALES'!B5 -> 891.902.310-2
A6: RAMO Y POLIZA No. | B6: Seguro de Responsabilidad Civil Extracontractual,
A7: ='TODO RIESGO DAÑOS MATERIALES'!A7 -> PROCESO NO.
A8: VIGENCIA | B8: =+'TODO RIESGO DAÑOS MATERIALES'!B8:D8 -> DESDE LAS 00.00 HORAS DEL 31 DE JULIO DE 2026 HASTA LAS 24:00 HORAS DEL 30 DE JULIO DE 2027
A9: COBERTURAS Y CONDICIONES MINIMAS REQUERIDAS OBLIGATORIAS
A10: OBJETO | B10: AMPAROS | C10: LIMITE ASEGURADO | E10: TASA | F10: PRIMA NETA
C12: EVENTO | D12: VIGENCIA
A13: Territorio Colombiano | C13: 500000000 | F13: =+E13*C13/1000 -> 0
A14: Se amparan los perjuicios patrimoniales y extrapatrimoniales al 100%, incluyendo los perjuicios morales, que el asegurado cause a terceros, con motivo de la responsabilidad civil en que incurra de acuerdo con la Ley, durante el giro normal de sus actividades, incluyendo las complementarias. Los perjuicios cubiertos son los derivados de: Lesiones ó muerte a personas, Daños a bienes de propiedad de terceros, Perjuicios morales,, perjuicios de dano en la vida relacion y fisiológicos. lucro cesante que se derive de un daño material y/o de un daño corporal - La cobertura se extiende a amparar la Responsabilidad del asegurado frente a terceros cuando sea necesario acceder a predios que no son propiedad del asegurado para reparar daños a sus redes, cables, tubería y similares. | B14: Predios, labores y operaciones.
B15: La posesion, el uso el mantenimiento de los predios en los cuales se desarrolla la actividad propia del asegurado.
B16: Las operaciones que lleve a Cabo el asegurado en los predios asegurados y donde desarrolle su actividad.
B17: Las actividades que razonablemente forman parte del riesgo asegurado y que son inherentes al desarrollo del giro normal de su actividad.
B18: Incendio y explosión
B19: Uso de maquina y equipos de trabajo de carque, descarque y transporte dentro y/o fuera de los predios del asegurado.
B20: Actividades sociales, deportivas y culturales, asi como las instalaciones sociales y deportivas dentro y/o fuera de los predios del asegurado
B21: Participacion del asegurado en ferias y exposiciones nacionales.
B22: Viajes al exterior realizados por los representantes, directores y empleados al servicio del asegurado, en funciones inherentes al desarrollo de las actividades propias del asegurado.
B23: viajes dentro del territorio nacional de los representantes, directores y empleados al servicio del asegurado, en funciones inherentes al desarrollo de las actividades propias del asegurado.
B24: Posesion y uso de depositos, tanques, y tuberias dentro de los predios asegurados;
B25: Cafeteria, restaurantes, casinos, bares
B26: Transporte de materias primas y productos azarosos, Manejo de combustible según decreto No. 1521 de 1996
... B32: Contaminacion accidental subita e imprevista
B33: Contratistas y/o subcontratistas independientes | C33: 250000000 | D33: =C13 -> 500000000
B34: Patronal | C34: 180000000 | D34: =C13*50% -> 250000000
B35: Vehículos propios y no propios | C35: =C13*30% -> 150000000 | D35: =C13*50% -> 250000000
B36: Gastos medicos | C36: 50000000 | D36: 100000000
B37: Gastos de defensa y costas del proceso | C37: =+C13*0.3 -> 150000000 | D37: =+C13*0.5 -> 250000000
B38: Bienes bajo cuidado tenencia y control | C38: =C13*30% -> 150000000 | D38: =C13*50% -> 250000000
B39: Responsabilidad Civil Cruzada | C39: =C13*20% -> 100000000 | D39: =C13*40% -> 200000000
B40: Parqueaderos | C40: =C13*30% -> 150000000 | D40: =C13*50% -> 250000000
C43: PRIMA NETA | F43: =SUM(F13:F42) -> 0
C44: IMPOVENTAS | F44: =+F43*0.16 -> 0
C45: TOTAL IMPOVENTAS | F45: =SUM(F43:F44) -> 0
A47: ACTIVIDADES SOCIALES, CULTURALES Y DEPORTIVAS: Por la presente cláusula y no obstante lo que en contrario se diga en las condiciones generales de la Póliza o en sus anexos, la Aseguradora cubre la responsabilidad civil imputable al Asegurado, derivada del ejercicio, dirección o supervisión de actividades deportivas, sociales y culturales, que se desarrollen en cualquier parte del territorio de la República de Colombia.
A48: RCE DERIVADA DEL SERVICIO DE VIGILANCIA: Por la presente cláusula y no obstante lo que en contrario se diga en las condiciones generales de la Póliza o en sus anexos, la Aseguradora ampara la responsabilidad civil deL ASEGURADO, frente a terceros por perjuicios patrimoniales y extrapatrimoniales, causados por vigilantes y personal de seguridad, escoltas cualesquiera que sea su modalidad de contratacion,en el cumplimiento de sus obligaciones y de los ocasionados por su negligencia o imprudencia, incluso, los que se ocasionen como consecuencia del uso de armas de fuego, errores de punteria, en cualquier parte del territorio de la República de Colombia. Tratándose de vigilantes no propios esta cobertura operará en exceso de la póliza de responsabilidad civil de la empresa de vigilancia, siempre que la póliza exista y se logre obtener la indemnización en caso de reclamo bajo dicha póliza con su límite asegurado, de lo contrario operará la presente póliza como primera capa.
A49: RESPONSABILIDAD CIVIL POR PERSONAL DE SEGURIDAD. Cubre la Responsabilidad Civil que pueda derivarse para el asegurado por los actos del personal de escolta que sean empleados suyos o personas particulares, cualesquiera que sea su modalidad de contratacion o pertenezcan a empresas de vigilancia contratadas por el, en cuyo caso operara en exceso de la póliza contratada por dicha empresa, cometidos en el desempeño de sus funciones en cualquier sitio del territorio colombiano, imcluye el empleo de armas de fuego errores de punteria-
A50: USO DE ARMAS DE FUEGO Y ERRORES DE PUNTERÍA Por la presente cláusula y no obstante lo que en contrario se diga en las condiciones generales de la póliza o en sus anexos, la aseguradora ampara la responsabilidad civil del ASEGURADO, frente a terceros por las reclamaciones por daños, lesiones y perjuicios causados por los vigilantes y personas de seguridad en el cumplimiento de sus obligaciones y de los ocasionados por su negligencia o imprudencia incluso los que se ocasionen como consecuencia del uso de armas de fuego en cualquier parte del Territorio de la República de Colombia. Tratándose de vigilantes no propios esta cobertura operará en exceso de la póliza de responsabilidad civil de la empresa de vigilancia, siempre que la póliza exista y se logre obtener la indemnización en caso de reclamo bajo dicha póliza con su límite asegurado, de lo contrario operará la presente póliza como primera capa
A51: ELEVADORES,ESCALERAS Y EQUIPOS SIMILARES : Por la presente cláusula y no obstante lo que en contrario se diga en las condiciones generales de la póliza o en sus anexos, mediante el presente seguro, se ampara la responsabilidad civil por los perjuicios patrimoniales y extrapatrimoniales que debiere pagar EL ASEGURADO como consecuencia del uso o manejo de elevadores, ascensores, cabrias, montacargas, carretas, escaleras metálicas y equipos similares La palabra elevadores comprenderá: ascensores, cabrias, carretas, escaleras mecánicas montacargas, equipos similares así como los carros plataformas, pozos, cajas y maquinaria que de ellos forman parte.
A52: RC PATRONAL, EN EXCESO DE LAS PRESTACIONES DE LEY: La aseguradora reconocera al ASEGURADO las sumas que debiere pagar en virtud de la responsabilidad civil extracontractual, que le sea imputable por accidente de trabajo o enfermedades profesionales, que afecten a los trabajadores a su servicio en el desarrollo de las actividades a ellos asignadas, en exceso de las prestaciones legales incluyendo trabajadores de los contratistas y /o subcontratiatas
A53: CONTRATISTA Y/O SUBCONTRATISTA INDEPENDIENTES: Mediante la presente cláusula y no obstante lo que se diga en contrario en las condiciones generales de la Póliza o en sus anexos, se reconocerán a los terceros afectados y/ó al asegurado, las sumas que debiere pagar EL ASEGURADO, en razón de la responsabilidad civil Extracontractual por perjuicios patrimoniales y extrapatrimoniales resultantes como consecuencia de labores realizadas a su servicio por Contratistas ó Subcontratistas independientes. Este amparo operará en exceso de la responsabilidad civil del contratista ó subcontratista, siempre que la póliza exista y se logre obtener la indemnización en caso de reclamo bajo dicha póliza hasta su límite asegurado, de lo contrario operará la presente póliza como primera capa.
A54: VEHICULOS PROPIOS Y NO PROPIOS: Por la presente cláusula y no obstante lo que en contrario se diga en las condiciones generales de la póliza o en sus anexos, y sujeto a que el Asegurado ha pagado la prima adicional acordada a la Aseguradora, le indemnizará las sumas que debiere pagar en razón de su responsabilidad civil extracontractual por las lesiones personales o muerte causadas a terceros, ó daños causados a propiedades de terceros, como consecuencia de la utilización de vehículos de transporte terrestre, que sean o no de su propiedad y se extiende a amparar los establecidos en la póliza incluyendo equipos que no tengan tracción propia, hasta por los limites establecidos en la póliza. Esta cobertura opera en exceso de los límites contratados en la Póliza de Automóviles si las hay. De no haber póliza de automóviles ó no haber sido indemnizado el reclamo, esta cobertura cubrirá como primera capa
A55: GASTOS MEDICOS: Queda entendido y convenido en adición a los términos y condiciones contenidas en la Póliza y sus anexos, que la Aseguradora reconocerá al Asegurado, a los terceros afectados, ó a la institución prestadora del servicio, los gastos médicos, hospitalarios, medicinas y demás gastos requeridos para la prestación de los servicios médicos y hospitalarios que se causen ó en que deba incurrir, hasta el límite convenido, como consecuencia de lesiones personales causadas a terceros, con ocasión del desarrollo de las actividades del Asegurado. Para efectos de la suma asegurada, sublímites y agregados anuales, los pagos que se realizan por el concepto de gastos médicos son parte de la póliza de responsabilidad civil. Esta cobertura no esta sujeta a la aplicación de deducible, ni requiere fallo judicial. El amparo que mediante esta cláusula se otorga, es independiente del de Responsabilidad civil y por consiguiente los pagos que por dicho concepto se efectúen, en ningún caso pueden ser interpretados como aceptación tácita de responsabilidad civil.
A56: CONTAMINACION ACCIDENTAL SUBITA E IMPREVISTA: No obstante cualquier estipulación en contrario de las condiciones generales y particulares de la póliza y sus anexos, esta póliza de seguro cubre contaminación accidental, proveniente de cualquiera de las actividades desarrolladas por el asegurado.
A57: USO DE CAFETERÍAS, RESTAURANTES, CASINOS Y BARES-AVISOS Y VALLAS: Por la presente cláusula y no obstante lo que en contrario se diga en las condiciones generales de la póliza o en sus anexos, la Aseguradora cubre la responsabilidad civil del Asegurado, como consecuencia de la propiedad, posesión, tenencia, mantenimiento y uso de cafeterías, restaurantes, casinos y bares, así como de avisos, vallas dentro y fuera de los predios del asegurado y en general bienes utilizados para propaganda y publicidad.
A58: TRANSPORTE Y MANEJO DE MATERIAS PRIMAS: Por la presente cláusula queda aclarado y convenido que la Póliza ampara la responsabilidad civil, como consecuencia del transporte y manejo por parte del asegurado, contratistas ó subcontratistas, de materias primas y productos de cualquier naturaleza, incluyendo cargue y descargue, entendiéndose que toda esta operación puede ser ejecutada directamente por EL ASEGURADO ó contratada
... A84: Se deja constancia que en caso de que la pérdida supere los limites maximos asegurados , se entendera que la perdida es la correspondiente a la suma asegurada establecida en la poliza para cada uno de los amparos y/o coberturas, por lo tanto el deducible se aplicara sobre dicha suma asegurada y no sobre el mayor valor establecido como perdida real.
A85: CLAUSULAS PARTICULARES OPCIONALES REQUERIDAS | E85: S / N / D | F85: OBSERVACINES
A86: RESTABLECIMIENTO AUTOMÁTICO DE VALOR ASEGURADO POR PAGO DE SINIESTRO : En caso de siniestro el límite asegurado se rebajará en la suma indemnizada a partir de la fecha en que se efectúe el pago y se restablecerá automáticamente a su límite inicial y el Asegurado pagará la prima adicional correspondiente a prorrata. Está cláusula tiene aplicación en cualquier época, aún en aquellos casos en que la indemnización se efectúe posteriormente a la terminación de la vigencia afectada por la reclamación.
A87: AMPARO DE CIMENTACIÓN Y/O ASENTAMIENTO DERRUMBAMIENTO A PROPIEDADES ADYACENTES : Por el presente anexo y no obstante lo que en contrario se diga en las Condiciones Generales de la Póliza o en sus Anexos, la Aseguradora indemnizara las perdidas patrimoniales que sufra el asegurado por la Responsabilidad Civil en que incurra a consecuencia del deterioro o destrucción de bienes de terceros y/o propiedades adyacentes, así como por los asentimientos y/o derrumbamientos que tales propiedades sufran, en el desarrollo y/o construcción de obras civiles.
A88: COBERTURA PARA BIENES ADYACENTES (OPA) : Por el presente anexo y no obstante lo que en contrario se diga en las Condiciones Generales de la Póliza o en sus Anexos, la Aseguradora indemnizara las perdidas patrimoniales que sufra el asegurado por la Responsabilidad Civil en que incurra a consecuencia del deterioro o destrucción de bienes de terceros y/o propiedades adyacentes, así como por los asentimientos y/o derrumbamientos que tales propiedades sufran, en el desarrollo y/o construcción de obras civiles.
A89: EXTENSION DE COBERTURA EN RESPONSABILIDAD CIVIL EXTRACONTRACTUAL; Por medio de la presente clausula y no obstante lo que en contrario se diga en las condiciones general de la poliza o sus anexos, mediante el presente seguro se ampara: La responsabilidad civil extracontractual en que incurra el ASEGURADO debido a reclamaciones de la eventual prestacion del servicio de saludy/o atencion a pacientes. La responsabilidad civil extracontractual de las entidades subsidiarias y/o adscritas como colegios, empresa de servicios publicos, empresas sociales y comerciales del estado , hospitales, etc.- lo anterior hasta por un sublimite del 60% del limite maximo, por evento /vigencia y aplicable unicamente en exceso de las polizas que tengan contratadas dichas entidades subsiduario y/o adscritas. - Para todos los efectos se consideran terceros a los estudiantes, padresde familia o acudientes de los estudiantes de los diferentes establecimientos educativos vinculados al asegurad
A90: RECLAMACIONES: Este seguro se extiende a cubrir el reembolso de cualquier suma que se vea precisado a pagar el asegurado como consecuencia de los actos y omisiones a que se refiere este contrato , en el evento de que la victima, dejando de lado la eventual responsabilidad civil extracontractual que ello podria generar, opte por reclamar o iniciar en contra del asegurado una responsabiliad de tipo contractual.
A91: CLAUSULAS PARTICULARES SOLICITADAS: Indicar con una S si es aceptada, con una N si es negada, con una D si es aceptada con desviacion, para lo cual debe estipular en el formato de desviaciones el texto propuesto.
A92: DEDUCIBLES
A93: TODAS LAS COBERTURAS
A94: GASTOS MEDICOS Y GASTOS DE DEFENSA | C94: SIN DEDUCIBLE
A95: REGISTRO SUPERBANCARIA - POLIZA: ANEXAR CONDICIONADO Y TEXTOS DE CLAUSULAS
A96: NOTA: SE DEBE DILIGENCIAR UNICAMENTE LA PARTE SOMBREADA EN GRIS. LAS DEMAS AREAS DEL CUADRO NO DEBEN SER MODIFICADAS

Sheet FORMA DE PAGO
A1: ALTERNATIVAS DE PAGO
A2: =#REF! -> #REF!
B7: FORMA PARTE INTEGRAL DE LA COTIZACION DE LA POLIZA DE DAÑO MATERIAL
A9: CONTADO
B10: EFECTIVO
B11: CHEQUE
B12: TARJETA DE CREDITO
A14: CONVENDIO DE PAGO A 60 DIAS
B15: 1. CONVENIO ESCRITO CON COMPROMISO DE PAGO EL LAS FECHAS INDICADAS A CONTINUACION.
B16: 2.GIRO DE 3 CHEQUES ASI:
B17: - EL PRIMERO AL DIA DE LA EXPEDICION DE LA POLIZA
B18: - EL SEGUNDO A 30 DIAS
B19: - EL TERCERO A 60 DIAS, EL CUAL NO DEBEN EXCEDER LOS 60 DIAS A PARTIR DE LA VIGENCIA DE LA POLIZA
A21: FINANCIACION CON LA COMPAÑÍA DE SEGUROS
B22: TERMINOS
B23: - 20% DE CUOTA INICIAL (APLICADO SOBRE LA PRIMA TOTAL)
B24: - EL SALDO A 10 CUOTAS MAXIMO
B26: PERSONA NATURAL
B27: - VALOR MINIMO A FINANCIAR $400.000
B28: - SOLICITUD DE CREDITO
B29: - CARTA DE DESEMBOLSO
B30: - FOTOCOPIA DE LA CEDULA DE CIUDADANIA
B31: - FOTOCOPIA DE LA POLIZA
B33: PERSONAL JURIDICA
B34: - VALOR MINIMO A FINANCIAR $2.000.000
B35: - SOLICITUD DE CREDITO
... B39: - CERTIFICADO DE CAMARA DE COMERCIO NO MAYOR A 45 DIAS DE EXPEDIDO
